 Dungeon Crawl Stone Soup version 0.30-a0-1066-g63dfefce0d (webtiles) character file.

Game seed: 157286685550561985

109 gelatine the Conjurer (level 4, 0/29 (34) HPs)
             Began as a Demonspawn Reaver on Apr 13, 2023.
             Killed from afar by Ijyb (6 damage)
             ... with a puff of flame
             ... on level 3 of the Dungeon.
             The game lasted 00:07:25 (2312 turns).

gelatine the Conjurer (Demonspawn Reaver)           Turns: 2312, Time: 00:07:26

HP:   0/29 (34)     AC:  3    Str: 12    XL:     4   Next: 59%
MP:   7/7           EV: 12    Int: 16    God:
Gold: 70            SH:  4    Dex: 12    Spells: 4/7 levels left

rFire   . . .      SeeInvis .    l - +1 hand axe (freeze)
rCold   . . .      Faith    .    (no shield)
rNeg    + . .      Spirit   .    i - +0 robe {rN+}
rPois   .          Reflect  .    (no helmet)
rElec   .          Rampage  .    (no cloak)
rCorr   .                        j - +0 pair of gloves
Will    .....                    (no boots)
Stlth   +                        (no amulet)
HPRegen 0.24/turn                (no ring)
MPRegen 0.10/turn                (no ring)

@: hasted, heavily drained, very quick
A: large bone plates 1, claws 1, sense surroundings 1, subdued magic 1
a: no special abilities


You were on level 3 of the Dungeon.
You visited 1 branch of the dungeon, and saw 3 of its levels.

You collected 70 gold pieces.

Inventory:

Hand Weapons
 l - a +1 hand axe of freezing (weapon)
Armour
 i - a +0 robe of positive energy (worn)
 j - a +0 pair of gloves (worn)
Wands
 c - a wand of acid (10)
Scrolls
 e - 2 scrolls of noise {unknown}
 f - a scroll of teleportation
 h - a scroll of amnesia
 m - 2 scrolls of enchant weapon {unknown}
 n - a scroll of summoning {unknown}
Potions
 d - a potion of resistance
 g - a potion of haste


   Skills:
 * Level 2.6 Fighting
 * Level 3.3 Axes
 + Level 0.2 Armour
 * Level 2.3 Dodging
 + Level 0.5 Stealth
 * Level 0.8 Shields
 + Level 2.2 Spellcasting
 * Level 3.5 Conjurations
 * Level 0.3 Translocations


You had 4 spell levels left.
You knew the following spells:

 Your Spells              Type           Power      Damage    Failure   Level
a - Kiss of Death         Conj/Necr      20%        2d7       8%          1
b - Momentum Strike       Conj/Tloc      12%        3d8       12%         2

Your spell library contained the following spells:

 Spells                   Type           Power      Damage    Failure   Level
 Dazzling Flash           Conj/Hex       10%        N/A       24%         3
 Hailstorm                Conj/Ice       5%         3d4       24%         3
 Cigotuvi's Dreadful Rot  Necr/Pois/Air  2%         N/A       26%         2
 Sublimation of Blood     Necr           1%         N/A       26%         2
 Wereblood                Tmut           1%         N/A       26%         2
 Volatile Blastmotes      Fire/Tloc      2%         2d10      45%         3
 Ignite Poison            Fire/Tmut/Pois 1%         N/A       47%         3
 Iskenderun's Mystic Bla  Conj/Tloc      6%         2d4       61%         4
 Freezing Cloud           Conj/Ice/Air   2%         6-21      97%         5
 Starburst                Conj/Fire      2%         6d3       100%        6
 Summon Hydra             Summ           0%         N/A       100%        7


Dungeon Overview and Level Annotations

Branches:
Dungeon (3/15)

Altars:

Annotations:
D:3 Ijyb


Innate Abilities, Weirdness & Mutations

You are partially covered in large bone plates. (SH +4)
You have sharp fingernails.
You passively map a small area around you.
Your spells are a little easier to cast, but a little less powerful.


Message History

You completely miss the orc. You hit Ijyb but do no damage.
The orc closely misses you. Ijyb misses you.
You hit the orc. You freeze the orc.
The orc is almost dead.
You hit Ijyb but do no damage. The orc hits you with a +0 club.
Ijyb zaps a wand.
The puff of flame hits you! You block Ijyb's attack.
You block the orc's attack.
You hit the orc. You freeze the orc.
You kill the orc!
You hit Ijyb but do no damage. Ijyb hits you with a +0 club.
You closely miss Ijyb. Ijyb hits you with a +0 club.
You hit Ijyb but do no damage. Ijyb closely misses you.
You hit Ijyb. You freeze Ijyb.
Ijyb is lightly wounded.
You block Ijyb's attack.
You barely miss Ijyb.
Ijyb is lightly wounded.
Ijyb hits you with a +0 club.
You hit Ijyb but do no damage.
Ijyb is lightly wounded.
Ijyb hits you but does no damage.
You closely miss Ijyb.
Ijyb is lightly wounded.
Ijyb zaps a wand.
The puff of flame hits you. Ijyb attacks as you move away!
Ijyb completely misses you.
There is a stone staircase leading up here.
You hit Ijyb. You freeze Ijyb.
Ijyb is moderately wounded.
Ijyb hits you but does no damage.
You hit Ijyb. You freeze Ijyb.
Ijyb is heavily wounded.
Ijyb closely misses you. Ijyb barely misses you.
You hit Ijyb but do no damage.
Ijyb is heavily wounded.
Ijyb zaps a wand.
The puff of flame hits you.
* * * LOW HITPOINT WARNING * * *
You feel yourself speed up. Ijyb barely misses you.
Unknown command.
Ijyb zaps a wand.
The puff of flame hits you.
You die...

#############
#...........# **
#...........# *
#...........# ,
#.....<.g...# ,
#...).......###,
,
#.......@.....+
#...........###
#...........# ,
############# ,
,


You could see Ijyb.

Vanquished Creatures
  2 gnolls (D:2)
  4 adders (D:2)
  5 orcs
  5 endoplasms
  3 giant cockroaches
  6 goblins
  3 hobgoblins
  2 jackals (D:2)
  2 quokkas
  4 ball pythons
  2 bats (D:1)
  4 frilled lizards
  4 kobolds (D:1)
  4 rats
50 creatures vanquished.

Notes
Turn   | Place    | Note
-------+----------+-------------------------------------------
     0 | D:1      | gelatine the Demonspawn Reaver began the quest for the Orb.
     0 | D:1      | Reached XP level 1. HP: 16/16 MP: 3/3
   356 | D:1      | Gained mutation: You are partially covered in large bone
                  | plates. (SH +4) [demonic ancestry]
   356 | D:1      | Reached XP level 2. HP: 22/22 MP: 5/5
   514 | D:1      | Learned a level 2 spell: Momentum Strike
  1208 | D:2      | Reached XP level 3. HP: 19/26 MP: 6/6
  1626 | D:2      | Gained mutation: You have sharp fingernails. [potion of
                  | mutation]
  1626 | D:2      | Gained mutation: Your spells are a little easier to cast,
                  | but a little less powerful. [potion of mutation]
  1626 | D:2      | Gained mutation: You passively map a small area around you.
                  | [potion of mutation]
  1870 | D:2      | Reached XP level 4. HP: 13/26 MP: 5/7
  2043 | D:3      | Noticed Ijyb
  2312 | D:3      | Killed from afar by Ijyb

Illustrated notes

Levels and vault maps discovered:
D:1:      nicolae_arrival_somewhat_less_tricky_arrival, layout_loops_corners
D:2:      layout_loops_ring
D:3:      layout_basic, amethyst_overflow_temple_binary,
          pf_guarded_unrand_woodcutter, uniq_crazy_yiuf_cottage, uniq_natasha,
          uniq_ijyb

Skill      XL: |  1  2  3 |
---------------+----------+-----
Dodging        | 2 |  2.3
Axes           | 3 |  3.3
Fighting       | |  2.6
Armour         | |  0.2
Stealth        | |  0.5
Shields        | |  0.8
Spellcasting   | |  2.2
Conjurations   | |  3.5
Translocations | |  0.3

Action                     |  1- 3 |  4- 6 || total
---------------------------+-------+-------++-------
  Melee: Hand axe          |   155 |    41 ||   196
         Punch             |     1 |       ||     1
   Cast: Momentum Strike   |     3 |       ||     3
         Kiss of Death     |     3 |       ||     3
    Use: Scroll            |     4 |     1 ||     5
         Potion            |     2 |     1 ||     3
   Stab: Sleeping          |     1 |       ||     1
 Armour: Leather armour    |    31 |       ||    31
         Robe              |    10 |     4 ||    14
  Dodge: Dodged            |    99 |    30 ||   129
  Block: Other             |    21 |     7 ||    28

Table legend: (Time is in decaauts)
 A = Elapsed time spent in this place.
 B = Non-inter-level travel time spent in this place.
 C = Inter-level travel time spent in this place.
 D = Time resting spent in this place.
 E = Time spent auto-exploring this place.
 F = Levels seen in this place.
 G = Mean time per level.
                   A        B        C        D        E       F      G
               +--------+--------+--------+--------+--------+-----+--------+
         Total |   2341 |   2255 |     86 |      0 |   1754 |   3 |  780.3 |
       Dungeon |   2341 |   2255 |     86 |      0 |   1754 |   3 |  780.3 |
               +--------+--------+--------+--------+--------+-----+--------+

Top non-repeatable levels by time:
     D:1: 1180 daAuts
     D:2: 1133 daAuts
     D:3: 27 daAuts
